 Dungeon Crawl Stone Soup version 0.31-a0-222-gefeffbb62a (webtiles) character file.

Game seed: 7233516987649387205

1799 Shard1697 the Cudgeller (level 8, -6/73 HPs)
             Began as an Armataur Fighter on July 5, 2023.
             Killed from afar by a raiju (10 damage)
             ... with a living lightning
             ... on level 1 of the Abyss.
             The game lasted 00:09:19 (4984 turns).

Shard1697 the Cudgeller (Armataur Fighter)          Turns: 4984, Time: 00:09:20

Health: -6/73      AC: 14    Str: 21    XL:     8   Next: 83%
Magic:  8/8        EV:  4    Int:  9    God:
Gold:   279        SH:  0    Dex: 12    Spells: 7/7 levels left

rFire   . . .        n - +13 scythe of Curses {drain, curses, Drain}
rCold   . . .        (shield currently unavailable)
rNeg    . . .        f - +0 plate armour
rPois   .            v - +2 helmet
rElec   .            q - scarf {repulsion}
rCorr   .            u - +1 pair of gloves
SInv    .            (no barding)
Will    .....        (no amulet) Stlth
                     m - ring of flight
HPRegen 0.32/turn    (no ring)
MPRegen 0.11/turn

%: repel missiles, roll
@: mighty, flying
A: large, rugged brown scales 3, deformed body, armoured tail, roll, long
tongue, awkward tongue
a: no special abilities


You were on level 1 of the Abyss.
You visited 1 branch of the dungeon, and saw 5 of its levels.
You visited the Abyss 1 time.

You collected 279 gold pieces.

Inventory:

Hand Weapons
 a - a +0 flail
 b - a +0 heavy war axe
 n - the +13 scythe of Curses (weapon) {drain, curses, Drain}
   (You found it on level 4 of the Dungeon)

   Drain:     It drains your maximum health when unequipped.
Armour
 c - a +0 buckler
 f - a +0 plate armour (worn)
 q - a scarf of repulsion (worn)
 u - a +1 pair of gloves (worn)
 v - a +2 helmet (worn)
Jewellery
 k - an amulet of faith
 l - a +6 ring of strength
 m - a ring of flight (left hand)
 t - an amulet of regeneration
Wands
 i - a wand of flame (20)
 j - a wand of polymorph (5)
Scrolls
 g - a scroll of enchant armour
 o - a scroll of silence
 p - a scroll of vulnerability
 r - a scroll of identify
Potions
 d - a potion of might
 h - 3 potions of enlightenment


   Skills:
 - Level 5.4 Fighting
 - Level 7.1 Maces & Flails
 + Level 5.6 Polearms
 - Level 3.6 Armour
 - Level 3.2 Shields


You had 7 spell levels left.
You didn't know any spells.
Your spell library was empty.

Dungeon Overview and Level Annotations

Branches:
Dungeon (5/15)
 Temple: D:4-7

Altars:
Lugonu

Shops:
D:4 *   D:5 :

Portals:
Abyss: D:5

Annotations:
D:3 1 runed translucent door


Innate Abilities, Weirdness & Mutations

You are completely covered in rugged brown scales. (AC +3, +7% HP)
Armour fits poorly on your strangely shaped body.
You have a long armoured tail.
You roll when moving toward enemies. (Rampage)
Your long tongue fully drains potion bottles. (2x potion effects)
Your tongue gives you trouble enunciating. (1.5x scroll delay)


Message History

Found a gateway leading deeper into the Abyss.
A raiju comes into view.
The raiju barks!
The raiju bursts into living lightning!
The living lightning hits you!
The raiju blinks!
You hit the raiju. You drain the raiju.
The raiju convulses with pain!
Your tail-slap misses the raiju.
The raiju is heavily wounded.
The raiju bursts into living lightning!
The living lightning hits you!
The raiju blinks!
You slash the raiju! You drain the raiju.
The raiju convulses with pain!
You kill the raiju!
Your Polearms skill increases to level 5!
A small abomination comes into view. 3 raiju come into view.
The raiju barks!
You hear a bark! x2
Okay, then.
The raiju barks! x2
The raiju bursts into living lightning!
The living lightning hits you!
The raiju blinks! x2
You puncture the raiju!
The raiju convulses!
The raiju is severely wounded.
The raiju completely misses you.
You barely miss the raiju.
The raiju is severely wounded.
The raiju bites you but does no damage.
The small abomination hits you but does no damage.
The raiju bursts into living lightning!
The living lightning misses the raiju.
The living lightning hits you!
* * * LOW HITPOINT WARNING * * *
The raiju blinks! x3; The raiju bites you but does no damage.
You slice the raiju!!
You kill the raiju!
The small abomination hits you!
* * * LOW HITPOINT WARNING * * *
The small abomination hits you.
* * * LOW HITPOINT WARNING * * *
The raiju bursts into living lightning!
The living lightning hits you!
You die...

#..... ...#
#.........# ##.
#.........# ....
#.........#######...##
#.....ยง.
.............
##.~.......####.#### #
~~..#.hh#h.# #..# ..#
#....x....# #..#. . #
#.....@...##..##. .#.#
###########.#.
#.....## #. .##. # #.#
## ..#.#.. ..#. #.. #
..# #.#.#.. ..#.
..#>##.# . #. ##.. . #
.. #


You could see 3 raiju and a small abomination.

Vanquished Creatures
  2 raiju (Abyss:1)
  Sigmund (D:4)
  Menkaure (D:5)
  An ogre (D:5)
  A centaur (D:3)
  2 phantoms
  2 kobold brigands (D:5)
  A bullfrog (D:3)
  3 scorpions
  The ghost of Nietzsche the Cudgeller, a weakling DsGl (D:3)
  3 jellies
  2 hounds
  2 iguanas
  Natasha (twice) (D:3 D:2)
  16 gnolls
  4 adders
  3 worms
  3 dart slugs
  3 orcs
  13 ball pythons
  8 bats
  6 endoplasms
  3 giant cockroaches
  31 goblins
  30 hobgoblins
  8 jackals
  3 quokkas
  6 frilled lizards
  2 kobolds
  11 rats
174 creatures vanquished.

Notes
Turn   | Place    | Note
-------+----------+-------------------------------------------
     0 | D:1      | Shard1697 the Armataur Fighter began the quest for the Orb.
     0 | D:1      | Reached XP level 1. HP: 19/19 MP: 1/1
    38 | D:1      | Reached skill level 2 in Maces & Flails
   187 | D:1      | Reached XP level 2. HP: 25/26 MP: 2/2
   399 | D:1      | Reached skill level 3 in Maces & Flails
   457 | D:1      | You are sucked into a shaft and drop 1 floor!
   469 | D:2      | Reached XP level 3. HP: 32/32 MP: 3/3
  1005 | D:2      | Reached XP level 4. HP: 36/39 MP: 4/4
  1008 | D:2      | Reached skill level 4 in Maces & Flails
  1242 | D:3      | Found a runed translucent door.
  1244 | D:3      | Noticed a bullfrog
  1244 | D:3      | Noticed Nietzsche's ghost (weakling DsGl)
  1252 | D:3      | Noticed Natasha
  1258 | D:3      | Killed Natasha
  1271 | D:3      | Noticed Natasha
  1368 | D:2      | Killed Natasha
  1415 | D:3      | Found a runed translucent door.
  1495 | D:3      | Noticed a scorpion
  1503 | D:3      | Killed a scorpion
  1504 | D:3      | Reached skill level 5 in Maces & Flails
  1504 | D:3      | Reached XP level 5. HP: 33/44 MP: 5/5
  1579 | D:3      | Noticed a centaur
  1590 | D:3      | Killed a centaur
  1591 | D:3      | Reached XP level 6. HP: 36/54 MP: 6/6
  2675 | D:3      | Reached skill level 6 in Maces & Flails
  2924 | D:3      | Reached XP level 7. HP: 47/63 MP: 7/7
  2935 | D:3      | Killed Nietzsche's ghost
  3192 | D:4      | Noticed Sigmund
  3402 | D:4      | Killed Sigmund
  3481 | D:4      | Reached skill level 5 in Fighting
  3750 | D:4      | Found Nillaeli's Gadget Gallery.
  3757 | D:4      | Found the +13 scythe of Curses {drain, curses, Drain}
  3771 | D:4      | Identified the staff "Xugh" {rN+ Int+2 Earth}
  3958 | D:4      | Reached skill level 7 in Maces & Flails
  4068 | D:5      | Entered Level 5 of the Dungeon
  4084 | D:5      | Found a large runed translucent door.
  4084 | D:5      | Found a large runed translucent door.
  4085 | D:5      | Found a corrupted altar of Lugonu.
  4094 | D:5      | Reached skill level 1 in Polearms
  4094 | D:5      | Reached XP level 8. HP: 18/73 MP: 8/8
  4373 | D:5      | Found Datucob's Book Boutique.
  4466 | D:5      | Found a one-way gate to the infinite horrors of the Abyss.
  4468 | D:5      | Identified the +7 dagger of Loschetah {distort, Str+4}
  4783 | D:5      | Noticed Menkaure
  4787 | D:5      | Killed Menkaure
  4920 | Abyss:1  | Cast into level 1 of the Abyss (kobold)
  4946 | Abyss:1  | a glowing shapeshifter changed into a sea snake
  4946 | Abyss:1  | Noticed a sea snake (glowing shapeshifter)
  4949 | Abyss:1  | a sea snake changed into a cyclops
  4949 | Abyss:1  | Noticed a cyclops (glowing shapeshifter)
  4950 | Abyss:1  | a cyclops changed into a shock serpent
  4950 | Abyss:1  | Noticed a shock serpent (glowing shapeshifter)
  4955 | Abyss:1  | a shock serpent changed into a fire dragon
  4955 | Abyss:1  | Noticed a fire dragon (glowing shapeshifter)
  4970 | Abyss:1  | Noticed a raiju
  4973 | Abyss:1  | Killed a raiju
  4974 | Abyss:1  | Reached skill level 5 in Polearms
  4980 | Abyss:1  | Noticed a raiju
  4980 | Abyss:1  | Noticed a raiju
  4980 | Abyss:1  | Noticed a raiju
  4980 | Abyss:1  | Noticed a raiju
  4984 | Abyss:1  | Killed a raiju
  4984 | Abyss:1  | Killed from afar by a raiju

Illustrated notes

Levels and vault maps discovered:
D:1:      co_arrival_square_in_a_square_in_a_square, layout_rooms,
          wad_floor_pattern_untrapped, kennysheep_crisscross, st_stairs_2
D:2:      layout_loops_ring
D:3:      minmay_goblin_kobold_castle, layout_basic, ebering_ghost_sewer_f,
          dreamdust_mushroom_princess, chequers_serial_rivers_room_b,
          minmay_strange_pillars, uniq_natasha
D:4:      layout_basic, nicolae_shop_gadgets, uniq_sigmund
D:5:      due_chaos_kobolds, layout_basic, serial_shops,
          nicolae_book_shop_shelving, uniq_menkaure
Abyss:1:  base: D:5, base: D:5, hangedman_abyss_town

Skill      XL: |  1  2  3  4  5  6  7  8 |
---------------+-------------------------+-----
Maces & Flails | 2 3 5 6 7 |  7.1
Fighting       | 3 4 5 |  5.4
Polearms       | 1 5 |  5.6
Armour         | |  3.6
Shields        | |  3.2

Action                     |  1- 3 |  4- 6 |  7- 9 || total
---------------------------+-------+-------+-------++-------
  Melee: Flail             |   144 |   260 |    99 ||   503
         Tailslap          |    14 |    22 |    20 ||    56
         Scythe            |       |       |    37 ||    37
    Use: Potion            |       |     6 |     3 ||     9
         Scroll            |       |       |     6 ||     6
 Armour: Scale mail        |    10 |       |       ||    10
         Plate armour      |   117 |   179 |    83 ||   379
         Skin              |       |    16 |       ||    16
  Dodge: Dodged            |    38 |    34 |    19 ||    91
  Block: Buckler           |    39 |    57 |    19 ||   115

Table legend: (Time is in decaauts)
 A = Elapsed time spent in this place.
 B = Non-inter-level travel time spent in this place.
 C = Inter-level travel time spent in this place.
 D = Time resting spent in this place.
 E = Time spent auto-exploring this place.
 F = Levels seen in this place.
 G = Mean time per level.
                   A        B        C        D        E       F      G
               +--------+--------+--------+--------+--------+-----+--------+
         Total |   5090 |   4999 |     91 |   1070 |   2448 |   6 |  848.3 |
       Dungeon |   5023 |   4932 |     91 |   1070 |   2448 |   5 | 1004.6 |
         Abyss |     67 |     67 |      0 |      0 |      0 |   1 |   67.0 |
               +--------+--------+--------+--------+--------+-----+--------+

Top non-repeatable levels by time:
     D:3: 2157 daAuts
     D:5: 880 daAuts
     D:2: 737 daAuts
     D:4: 644 daAuts
     D:1: 603 daAuts
 Abyss:1: 67 daAuts
